 Dungeon Crawl Stone Soup version 0.32-a0-314-g526f7d4993 (webtiles) character file.

Game seed: 8709102843481952418

6074 Essalna the Arsonist (level 10, -2/56 HPs)
             Began as a Deep Elf Fire Elementalist on Feb 16, 2024.
             Was a Follower of Vehumet.
             Killed from afar by a gargoyle (30 damage)
             ... with a stone arrow
             ... on level 10 of the Dungeon.
             The game lasted 00:14:36 (9386 turns).

Essalna the Arsonist (Deep Elf Fire Elementalist)   Turns: 9386, Time: 00:14:37

Health: -2/56      AC:  9    Str:  5    XL:     10   Next: 57%
Magic:  14/28      EV: 13    Int: 33    God:    Vehumet [*.....]
Gold:   524        SH:  0    Dex: 15    Spells: 12/19 levels left

rFire   . . .        F - +0 short sword of Ohof {venom, rC+ Int+2}
rCold   + . .        (no shield)
rNeg    . . .        H - +2 acid dragon scales
rPois   .            (no helmet)
rElec   .            d - scarf {shadows}
rCorr   +            (no gloves)
SInv    .            (no boots)
Will    +....        (no amulet)
Stlth   ++           i - +6 ring of intelligence
HPRegen 0.29/turn    D - ring of magical power
MPRegen 0.21/turn

%: no passive effects
@: no status effects
A: no striking features
a: Renounce Religion


You were on level 10 of the Dungeon.
You worshipped Vehumet.
Vehumet was aware of your devotion.
You visited 2 branches of the dungeon, and saw 11 of its levels.
You also visited: Ossuary.

You collected 524 gold pieces.

Inventory:

Hand Weapons
 g - a +3 whip
 F - the +0 short sword of Ohof (weapon) {venom, rC+ Int+2}
   (You found it on level 6 of the Dungeon)

   Int+2:     It affects your intelligence (+2).
   rC+:       It protects you from cold.
Missiles
 B - a throwing net
Armour
 a - a +0 robe
 d - a scarf of shadows (worn)
 H - +2 acid dragon scales (worn)
 K - a +2 robe of resistance
Jewellery
 i - a +6 ring of intelligence (left hand)
 x - a ring of protection from fire
 D - a ring of magical power (right hand)
Wands
 u - a wand of polymorph (12)
 v - a wand of flame (71)
 I - a wand of paralysis (26)
 J - a wand of light (12)
Scrolls
 c - 4 scrolls of vulnerability {unknown}
 e - 4 scrolls of revelation
 f - 6 scrolls of identify {unknown}
 l - 3 scrolls of poison
 m - a scroll of fear {unknown}
 n - 3 scrolls of fog {unknown}
 w - 5 scrolls of teleportation {unknown}
 y - a scroll of enchant armour {unknown}
 z - 3 scrolls of blinking {unknown}
 A - 2 scrolls of brand weapon {unknown}
 G - 2 scrolls of immolation {unknown}
Potions
 b - 3 potions of magic
 h - 5 potions of degeneration
 j - 2 potions of heal wounds {unknown}
 k - 2 potions of invisibility {unknown}
 o - 4 potions of haste {unknown}
 p - 6 potions of curing
 q - 2 potions of mutation
 r - 3 potions of might {unknown}
 s - a potion of berserk rage {unknown}
 t - 2 potions of enlightenment {unknown}
 C - a potion of cancellation {unknown}
 E - 2 potions of attraction {unknown}


   Skills:
 + Level 4.0 Fighting
 + Level 4.0 Armour
 + Level 6.6 Dodging
 - Level 2.4 Stealth
 - Level 5.0 Spellcasting
 + Level 10.1 Conjurations
 + Level 10.6 Fire Magic


You had 12 spell levels left.
You knew the following spells:

 Your Spells              Type           Power      Damage    Failure   Level
a - Foxfire               Conj/Fire      100%       2x1d9     1%          1
b - Scorch                Fire           100%       2d9       1%          2
c - Flame Wave            Conj/Fire      67%        2d15      1%          4

Your spell library contained the following spells:

 Spells                   Type           Power      Damage    Failure   Level
 Kiss of Death            Conj/Necr      100%       2d13      1%          1
 Inner Flame              Hex/Fire       43%        N/A       3%          3
 Stone Arrow              Conj/Erth      82%        3d12      3%          3
 Volatile Blastmotes      Fire/Tloc      86%        2d17      3%          3
 Apportation              Tloc           16%        N/A       10%         1
 Sandblast                Erth           16%        2d6       10%         1
 Slow                     Hex            32%        N/A       10%         1
 Ignite Poison            Fire/Alch      43%        N/A       11%         4
 Summon Blazeheart Golem  Fire/Summ      43%        N/A       11%         4
 Brom's Barrelling Bould  Conj/Erth      41%        2d6       12%         4
 Ensorcelled Hibernation  Hex/Ice        16%        N/A       14%         2
 Jinxbite                 Hex            16%        N/A       14%         2
 Fugue of the Fallen      Necr           8%         N/A       28%         3
 Passwall                 Erth           8%         N/A       28%         3
 Irradiate                Conj/Alch      20%        3d18      34%         5
 Anguish                  Hex/Necr       4%         N/A       67%         4
 Animate Dead             Necr           8%         N/A       67%         4
 Petrify                  Alch/Erth      8%         N/A       67%         4
 Orb of Destruction       Conj           33%        9d10      78%         7
 Alistair's Intoxication  Alch           5%         N/A       95%         5
 Borgnjor's Vile Clutch   Necr/Erth      4%         N/A       95%         5
 Death Channel            Necr           4%         N/A       100%        6
 Spellforged Servitor     Conj/Summ      20%        N/A       100%        7
 Ignition                 Fire           34%        3d10      100%        8


Dungeon Overview and Level Annotations

Branches:
Dungeon (10/15)            Temple (1/1) D:6         Ossuary (visited)
   Lair: D:8-11         Orc: D:9-12

Altars:
Ashenzari
Cheibriados
Dithmenos
Elyvilon
Fedhas
Gozag
Hepliaklqana
Kikubaaqudgha
Makhleb
Nemelex Xobeh
Okawaru
Qazlal
Ru
Sif Muna
Trog
Uskayaw
Vehumet
Wu Jian
Xom
Yredelemnul
Zin
The Shining One

Shops:
D:7 [

Annotations:
D:3 1 runed translucent door, MacCMillion's ghost, amateur BaHs


Message History

The yak is no longer more vulnerable to fire.
The yak gores you.
* * * LOW HITPOINT WARNING * * *
You slide downwards.
The hatch slams shut behind you.
You hear the roar of battle.
There is an entrance to a bailey on this level.
Hurry and find it before the portal closes forever!
Found a stone staircase leading up.
Casting: Scorch (safe; 1% risk of failure)
Confirm with . or Enter, or press ? or * to list all spells.
Flames lash the yak.
The yak is severely wounded.
The yak's fire resistance burns away.
The yak completely misses you.
A gargoyle comes into view. It is wielding a +0 morningstar.
Casting: Scorch (safe; 1% risk of failure)
Confirm with . or Enter, or press ? or * to list all spells.
Flames lash the yak.
The yak is burned terribly!
You kill the yak!
Vehumet accepts your kill.
You feel your power returning.
It was a potion of curing.
You feel better.
You feel better.
Casting: Scorch (safe; 1% risk of failure)
Confirm with . or Enter, or press ? or * to list all spells.
Flames lash the gargoyle but do no damage.
You hear a shout!
Casting: Scorch (safe; 1% risk of failure)
Confirm with . or Enter, or press ? or * to list all spells.
Flames lash the gargoyle but do no damage.
Casting: Scorch (safe; 1% risk of failure)
Confirm with . or Enter, or press ? or * to list all spells.
Flames lash the gargoyle but do no damage.
The gargoyle hits you but does no damage.
Casting: Scorch (safe; 1% risk of failure)
Confirm with . or Enter, or press ? or * to list all spells.
Flames lash the gargoyle but do no damage.
You hear a shout!
The gargoyle hurls a stone arrow at you.
The stone arrow hits you!!
Ouch! That really hurt!
You die...

.....
#+#####....#
...........#
........<..#
...........#
......9....#
......@....#
.............
..##########.


You could see a gargoyle.

Vanquished Creatures
  Maggie (D:6)
  Jeremiah (D:8)
  Prince Ribbit (D:5)
  Grinder (D:4)
  13 yaks
  A water moccasin (D:8)
  Duvessa (D:7)
  An ice beast (D:8)
  3 sky beasts
  2 centaurs
  An ogre (D:5)
  2 weeping skulls (Ossuary)
  2 kobold brigands
  2 phantoms
  A bullfrog (D:5)
  An elf zombie (Ossuary)
  A gnoll sergeant (D:5)
  7 wights
  Dowan (D:7)
  8 killer bees
  2 bombardier beetles
  A human zombie (Ossuary)
  2 jellies
  3 hounds (D:5)
  An iguana (D:7)
  4 orc wizards
  6 sleepcaps
  Ijyb (D:4)
  Natasha (thrice) (D:2)
  4 mummies (Ossuary)
  3 gnolls (D:5)
  12 adders
  3 white imps
  2 ufetubi (D:7)
  3 dart slugs
  10 orcs
  5 bats
  8 endoplasms
  5 giant cockroaches
  6 goblins
  6 hobgoblins
  5 quokkas
  6 ball pythons
  A frilled lizard (D:1)
  A gnoll zombie (Ossuary)
  12 kobolds
  A kobold zombie (Ossuary)
  4 orc zombies (Ossuary)
  2 rats (D:3)
173 creatures vanquished.

Vanquished Creatures (others)
  499 foxfires
499 creatures vanquished.

Grand Total: 672 creatures vanquished

Notes
Turn   | Place    | Note
-------+----------+-------------------------------------------
     0 | D:1      | Essalna the Deep Elf Fire Elementalist began the quest for
                  | the Orb.
     0 | D:1      | Reached XP level 1. HP: 10/10 MP: 6/6
   167 | D:1      | Reached XP level 2. HP: 15/15 MP: 6/8
   525 | D:1      | Reached XP level 3. HP: 19/19 MP: 2/10
   679 | D:1      | Learned a level 2 spell: Scorch
  1314 | D:2      | Reached XP level 4. HP: 24/24 MP: 9/12
  1554 | D:2      | Noticed Natasha
  1558 | D:2      | Killed Natasha
  1632 | D:2      | Noticed Natasha
  1636 | D:2      | Killed Natasha
  1637 | D:2      | Reached XP level 5. HP: 28/28 MP: 9/14
  1771 | D:2      | Noticed Natasha
  1776 | D:2      | Killed Natasha
  1777 | D:2      | Reached skill level 5 in Spellcasting
  2032 | D:3      | Noticed MacCMillion's ghost (amateur BaHs)
  2032 | D:3      | Found a runed translucent door.
  2245 | D:3      | Reached skill level 5 in Fire Magic
  2730 | D:3      | Reached XP level 6. HP: 32/32 MP: 11/15
  2862 | D:4      | Noticed Grinder
  2870 | D:4      | Killed Grinder
  2965 | D:4      | Reached skill level 5 in Conjurations
  2965 | D:4      | Reached XP level 7. HP: 36/36 MP: 9/16
  3473 | D:4      | Noticed Ijyb
  3476 | D:4      | Killed Ijyb
  3593 | D:4      | Found an ornate altar of the Wu Jian Council.
  3685 | D:4      | Got Sif Muna's Parchment of Synthesized Imprecation
  4063 | D:5      | Entered Level 5 of the Dungeon
  4521 | D:5      | Found a sand-covered staircase.
  4526 | Ossuary  | Entered an ossuary
  4750 | Ossuary  | Reached XP level 8. HP: 15/41 MP: 1/17
  5703 | D:5      | Noticed Prince Ribbit
  5708 | D:5      | Killed Prince Ribbit
  5972 | D:6      | Learned a level 4 spell: Flame Wave
  6587 | D:6      | Reached skill level 1 in Fighting
  6587 | D:6      | Reached XP level 9. HP: 47/47 MP: 13/18
  6590 | D:6      | Reached skill level 1 in Armour
  6637 | D:6      | Identified the +0 short sword of Ohof {venom, rC+ Int+2}
  6643 | D:6      | Found a stormy altar of Qazlal.
  6751 | D:6      | Noticed Maggie
  6762 | D:6      | Killed Maggie
  6890 | D:6      | Found a staircase to the Ecumenical Temple.
  6897 | Temple   | Found a transporter.
  6897 | Temple   | Found a transporter.
  6897 | Temple   | Found a transporter.
  6897 | Temple   | Found a transporter.
  6897 | Temple   | Entered the Ecumenical Temple
  6915 | Temple   | Became a worshipper of Vehumet
  7127 | D:7      | Found a bloodstained altar of Trog.
  7247 | D:7      | Found a glowing golden altar of the Shining One.
  7459 | D:7      | Found Lots's Antique Armour Boutique.
  7884 | D:7      | Noticed Duvessa
  7884 | D:7      | Noticed Dowan
  7893 | D:7      | Killed Duvessa
  7895 | D:7      | Killed Dowan
  8485 | D:8      | Found a shimmering blue altar of Sif Muna.
  8490 | D:8      | Reached skill level 5 in Dodging
  8493 | D:8      | Reached skill level 10 in Fire Magic
  8498 | D:8      | Reached XP level 10. HP: 54/56 MP: 3/19
  8499 | D:8      | Reached * piety under Vehumet
  8499 | D:8      | Offered knowledge of Kiss of Death by Vehumet.
  8520 | D:8      | Noticed Jeremiah
  8932 | D:8      | Killed Jeremiah
  9151 | D:9      | Reached skill level 10 in Conjurations
  9378 | D:10     | Entered Level 10 of the Dungeon
  9379 | D:10     | Noticed a gargoyle
  9386 | D:10     | Killed from afar by a gargoyle

Illustrated notes

Levels and vault maps discovered:
D:1:      spicycebolla_arrival_ecumenical, layout_basic, reono_crystal_passage
D:2:      layout_basic, uniq_natasha
D:3:      minmay_chambers_of_twos, layout_rooms, gammafunk_ghost_grave
D:4:      wad_lake_hut, layout_cave_pools, nicolae_wu_jian_glorious_leap,
          uniq_ijyb, uniq_grinder
D:5:      layout_basic, enter_ossuary_2, corexii_shack,
          nicolae_kite_square_tiling_tiny, corner_web_ring,
          nicolae_grassy_gnolls, uniq_prince_ribbit1
D:6:      layout_loops_cross, nicolae_qazlal_scattered_showers, temple_statues,
          minmay_hedge_maze, uniq_maggie
D:7:      layout_layer_cave, mainiacjoe_overflow_large_starburst, serial_shops,
          shop, uniq_duvessa
D:8:      layout_loops_ring, old_standard_altar, uniq_jeremiah
D:9:      wander_river, layout_cave_pools, david_lair_shrubbed
D:10:     layout_irregular_city, enter_bailey_5, minmay_misc_feat_square,
          hive_lemuel
Temple:   hellmonk_temple_divided_pantheon

Skill      XL: |  1  2  3  4  5  6  7  8  9 10 |
---------------+-------------------------------+-----
Conjurations   | 2 3 4 5 6 8 9 10 | 10.1
Spellcasting   | 4 5 |  5.0
Fire Magic     | 4 5 6 7 9 10 | 10.6
Fighting       | 1 3 4 |  4.0
Dodging        | 3 5 6 |  6.6
Armour         | 3 4 |  4.0
Stealth        | |  2.4

Action                     |  1- 3 |  4- 6 |  7- 9 | 10-12 || total
---------------------------+-------+-------+-------+-------++-------
  Melee: Unarmed           |     9 |       |       |       ||     9
         Whip              |       |     8 |     3 |       ||    11
         Short sword       |       |       |    13 |    19 ||    32
   Cast: Foxfire           |    72 |    87 |   288 |    26 ||   473
         Scorch            |     2 |     1 |    36 |    13 ||    52
         Flame Wave        |       |       |     4 |     6 ||    10
    Use: Scroll            |       |       |     1 |       ||     1
         Potion            |       |       |       |     2 ||     2
   Stab: Sleeping          |       |     1 |       |       ||     1
 Armour: Robe              |    10 |    11 |    30 |       ||    51
         Acid dragon scale |       |       |    11 |    25 ||    36
  Dodge: Dodged            |     9 |     8 |    33 |    33 ||    83

Table legend: (Time is in decaauts)
 A = Elapsed time spent in this place.
 B = Non-inter-level travel time spent in this place.
 C = Inter-level travel time spent in this place.
 D = Time resting spent in this place.
 E = Time spent auto-exploring this place.
 F = Levels seen in this place.
 G = Mean time per level.
                   A        B        C        D        E       F      G
               +--------+--------+--------+--------+--------+-----+--------+
         Total |   9420 |   9080 |    340 |      0 |   7877 |  12 |  785.0 |
       Dungeon |   8751 |   8411 |    340 |      0 |   7398 |  10 |  875.1 |
        Temple |     38 |     38 |      0 |      0 |      0 |   1 |   38.0 |
       Ossuary |    630 |    630 |      0 |      0 |    479 |   1 |  630.0 |
               +--------+--------+--------+--------+--------+-----+--------+

Top non-repeatable levels by time:
     D:5: 1246 daAuts
     D:4: 1238 daAuts
     D:7: 1208 daAuts
     D:6: 1104 daAuts
     D:1: 1036 daAuts
     D:2: 950 daAuts
     D:3: 875 daAuts
     D:8: 844 daAuts
 Ossuary: 630 daAuts
     D:9: 239 daAuts
  Temple: 38 daAuts
    D:10: 7 daAuts
